 Dungeon Crawl Stone Soup version 0.17.1-2-g5865329 (webtiles) character file.

3452 Badjas the Magician (level 10, -8/51 HPs)
             Began as a Vine Stalker Ice Elementalist on Jan 30, 2016.
             Was an Initiate of Vehumet.
             Killed by divine providence
             ... invoked by an orc priest
              (11 damage)
             ... on level 8 of the Dungeon on Feb 1, 2016.
             The game lasted 00:54:26 (6254 turns).

Badjas the Magician (Vine Stalker Ice Elementalist) Turns: 6254, Time: 00:54:26

Health: -8/51      AC: 10    Str: 11    XL:     10   Next: 6%
Magic:  0/22       EV: 14    Int: 18    God:    Vehumet [......]
Gold:   372        SH:  6    Dex: 19    Spells: 6 memorised, 10 levels left

rFire  . . .     SeeInvis .     R - +8 hand axe of Disembowelment {flame, rElec Dex+4}
rCold  . . .     Clarity  .     z - +2 robe {MR+}
rNeg   + . .     SustAt   .     (no shield)
rPois  .         Gourm    .     (no helmet)
rElec  +         Spirit   +     L - +0 cloak
rCorr  .         Warding  +     J - +0 pair of gloves
rMut   .         Stasis   .     P - +0 pair of boots
MR     +....                    H - amulet of warding
Stlth  ++++......               x - +3 ring of slaying
                                m - +3 ring of protection

@: icy shield, vulnerable, very slightly contaminated, hasted, very quick,
somewhat resistant to hostile enchantments, stealthy
A: fangs 3, regeneration 2, magic shield, antimagic bite, no device heal 3, rot
immunity
a: Renounce Religion


You were on level 8 of the Dungeon.
You worshipped Vehumet.
Vehumet was noncommittal.
You were not hungry.

You visited 2 branches of the dungeon, and saw 9 of its levels.
You also visited: Sewer.

You collected 372 gold pieces.

Inventory:

Hand Weapons
 h - a +2 whip of electrocution
 R - the +8 hand axe of Disembowelment (weapon) {flame, rElec Dex+4}
   (You found it on level 7 of the Dungeon)

   It has been specially enchanted to burn those struck by it, causing extra
   injury to most foes and up to half again as much damage against particularly
   susceptible opponents.
   Big, fiery blades are also staple armaments of hydra-hunters.
   It affects your dexterity (+4).
   It insulates you from electricity.
Armour
 z - a +2 robe of magic resistance (worn)
 J - a +0 pair of gloves (worn)
 K - a +0 shield
 L - a +0 cloak (worn)
 P - a +0 pair of boots (worn)
Jewellery
 m - a +3 ring of protection (left hand)
 u - a +3 ring of evasion
 x - a +3 ring of slaying (right hand)
 E - a +3 ring of intelligence {unknown}
 H - an amulet of warding (around neck)
 I - a +3 ring of dexterity {unknown}
 N - an uncursed ring of protection from magic {unknown}
Wands
 y - a wand of flame (48)
 S - a wand of magic darts (27)
 U - a wand of disintegration (17)
Scrolls
 i - 2 scrolls of remove curse
 j - 6 scrolls of teleportation
 l - a scroll of identify
 v - 2 scrolls of magic mapping
 D - 2 scrolls of recharging
 F - 2 scrolls of fog
Potions
 a - a potion of flight {unknown}
 e - 3 potions of degeneration {unknown}
 g - 3 potions of curing
 k - 5 potions of might
 n - 2 potions of lignification {unknown}
 o - a potion of resistance {unknown}
 p - a potion of haste
 r - 2 potions of agility
 s - a potion of poison {unknown}
 B - 2 potions of invisibility {unknown}
 C - 5 potions of brilliance {unknown}
 G - 3 potions of magic {unknown}
Books
 b - a book of Frost

   Spells                             Type                      Level
   a - Freeze                         Ice                          1
   b - Throw Frost                    Conjuration/Ice              2
   c - Ozocubu's Armour               Charms/Ice                   3
   d - Throw Icicle                   Conjuration/Ice              4
   e - Summon Ice Beast               Ice/Summoning                4
   f - Condensation Shield            Ice                          4
 O - a book of Geomancy

   Spells                             Type                      Level
   a - Sandblast                      Earth                        1
   b - Stoneskin                      Transmutation/Earth          2
   c - Passwall                       Transmutation/Earth          3
   d - Stone Arrow                    Conjuration/Earth            3
   e - Petrify                        Transmutation/Earth          4
   f - Lee's Rapid Deconstruction     Earth                        5
 T - a book of Minor Magic

   Spells                             Type                      Level
   a - Magic Dart                     Conjuration                  1
   b - Blink                          Translocation                2
   c - Call Imp                       Summoning                    2
   d - Repel Missiles                 Charms/Air                   2
   e - Slow                           Hexes                        2
   f - Conjure Flame                  Conjuration/Fire             3
   g - Mephitic Cloud                 Conjuration/Poison/Air       3
Comestibles
 c - 6 bread rations
 d - 3 royal jellies
 f - 5 beef jerkies
 q - 8 slices of pizza
 w - 5 meat rations
 Q - a chunk of flesh


   Skills:
 + Level 4.3 Fighting
 - Level 0.8(2.1) Axes
 - Level 3.1(3.2) Maces & Flails
 - Level 3.7 Dodging
 + Level 7.4 Stealth
 * Level 7.9 Spellcasting
   Level 1.0 Conjurations
 + Level 3.8 Charms
 + Level 6.5 Ice Magic


You had 10 spell levels left.
You knew the following spells:

 Your Spells              Type           Power        Failure   Level  Hunger
a - Freeze                Ice            ####         1%          1    None
b - Ozocubu's Armour      Chrm/Ice       ####....     3%          3    #......
c - Condensation Shield   Ice            ####......   8%          4    ###....
d - Repel Missiles        Chrm/Air       ##....       10%         2    None
e - Stoneskin             Trmt/Erth      #.......     17%         2    None
f - Blink                 Tloc           N/A          17%         2    None


Dungeon Overview and Level Annotations

Branches:
Dungeon (8/15)             Temple (1/1) D:7
   Lair: D:8-11

Altars:
Ashenzari
Cheibriados
Dithmenos
Elyvilon
Fedhas
Gozag
Kikubaaqudgha
Makhleb
Nemelex Xobeh
Okawaru
Qazlal
Ru
Sif Muna
Trog
Vehumet
Xom
Yredelemnul
Zin
The Shining One

Shops:
D:6 :   D:8 :

Annotations:
D:5 Grinder
D:8 Maurice


Innate Abilities, Weirdness & Mutations

You have razor-sharp teeth.
You heal very quickly.
When hurt, damage is shared between your health and your magic reserves.
Your bite disrupts and absorbs the magic of your enemies.
Potions and wands cannot restore your health.
You are immune to rotting.


Message History

You feel yourself speed up. The orc warrior hits you with a mace!
* * * LOW HITPOINT WARNING * * *
Unknown command.
Read which item? (? for menu, Esc to quit)
As you read the scroll labeled BOWKAR MEMPYQ, it crumbles to dust.
Magic quickly surges around you.
It was a scroll of vulnerability.
Read which item? (? for menu, Esc to quit)
As you read the scroll labeled JEUZOE WAOXUZ, it crumbles to dust.
It is a scroll of enchant weapon.
Enchant which weapon? (? for menu, Esc to quit)
Your +1 whip of electrocution glows red for a moment.
Your skin feels tender.
The orc priest casts a cantrip, but nothing happens.
You block the orc warrior's attack.
Drink which item? (? for menu, Esc to quit)
Okay, then.
Unknown command.
The orc priest calls down the wrath of Beogh upon you.
Something smites you!
You die...

......#.....#...#................
......#.....#...#..............##
......'.....#...#..............#
......#.....#...#..............+
......#.....#...#.........÷....#
......#######+###..............#
+##...................#'#########
..#...................#..........
..#.............@...).#..........
..#...................#..........
..#...........≈≈≈≈o≈≈≈≈...###...#
..##########..≈##≈.≈##≈...###...#
.....# #..≈###o###≈....†....#
.....# #..≈≈#)).#≈≈...)......
.....# #..≈≈#...#≈≈.........[
.....# #..≈≈#.).#≈≈...†......
.....# #..≈#######≈......<...


You could see an orc warrior and an orc priest.

Vanquished Creatures
  A human (D:7)
  A hungry ghost (D:7)
  The ghost of PossumBlood the Archer, an amateur HEHu (D:4)
  2 water moccasins (D:7)
  A hippogriff (D:7)
  An ice beast (D:6)
  A sky beast (D:8)
  2 phantoms
  3 orc warriors
  8 big kobolds (D:8)
  3 giant frogs
  A scorpion (D:6)
  The ghost of sKa the Ruffian, a weakling TrMo (D:3)
  A centaur zombie (D:7)
  3 crimson imps
  5 wights
  6 orc wizards
  2 hounds
  2 orc priests
  A giant frog skeleton (D:7)
  Jessica (D:2)
  2 iguanas
  4 sheep (D:7)
  20 adders
  A gnoll (D:6)
  2 river rats (Sewer)
  3 shadow imps
  5 oozes
  2 worms (D:3)
  6 giant geckos
  25 orcs
  15 hobgoblins
  12 jackals
  13 kobolds
  4 quokkas
  12 ball pythons
  16 bats
  9 giant cockroaches
  5 giant newts
  12 goblins
  A jackal skeleton (D:8)
  27 rats
243 creatures vanquished.

Notes
Turn   | Place    | Note
--------------------------------------------------------------
     0 | D:1      | Badjas the Vine Stalker Ice Elementalist began the quest for the Orb.
     0 | D:1      | Reached XP level 1. HP: 9/9 MP: 4/4
   162 | D:1      | Reached XP level 2. HP: 13/13 MP: 4/6
   840 | D:2      | Reached XP level 3. HP: 15/17 MP: 5/7
   854 | D:2      | Learned a level 3 spell: Ozocubu's Armour
  1251 | D:2      | Noticed Jessica
  1330 | D:2      | Reached XP level 4. HP: 21/21 MP: 7/9
  1444 | D:2      | Killed Jessica
  1682 | D:3      | Reached XP level 5. HP: 25/25 MP: 6/10
  1724 | D:3      | Found a glowing drain.
  1753 | Sewer    | Entered a sewer
  1914 | Sewer    | Reached skill level 4 in Ice Magic
  2196 | Sewer    | Reached skill level 1 in Fighting
  2348 | Sewer    | Gained mutation: You heal very quickly. [Vine Stalker growth]
  2348 | Sewer    | Reached XP level 6. HP: 28/30 MP: 10/12
  2837 | D:3      | Noticed sKa's ghost (weakling TrMo)
  2856 | D:3      | Killed sKa's ghost
  2856 | D:3      | Reached XP level 7. HP: 18/35 MP: 0/14
  3122 | D:3      | Found a shadowy altar of Dithmenos.
  3323 | D:4      | Noticed PossumBlood's ghost (amateur HEHu)
  3380 | D:4      | Killed PossumBlood's ghost
  3380 | D:4      | Reached skill level 1 in Maces & Flails
  3380 | D:4      | Reached skill level 1 in Charms
  3387 | D:4      | Learned a level 4 spell: Condensation Shield
  3542 | D:4      | Noticed a hippogriff
  3944 | D:5      | Entered Level 5 of the Dungeon
  3974 | D:4      | Gained mutation: You have razor-sharp teeth. [Vine Stalker growth]
  3974 | D:4      | Reached XP level 8. HP: 35/39 MP: 12/15
  4019 | D:5      | Reached skill level 5 in Ice Magic
  4293 | D:5      | Noticed Grinder
  4347 | D:6      | Found Josaa's Book Emporium.
  4761 | D:6      | Reached skill level 5 in Stealth
  4780 | D:6      | Reached skill level 5 in Spellcasting
  5113 | D:7      | Reached XP level 9. HP: 45/45 MP: 16/18
  5157 | D:7      | Reached skill level 6 in Stealth
  5242 | D:7      | Got an ichor-stained hand axe
  5243 | D:7      | Identified the +8 hand axe of Disembowelment {flame, rElec Dex+4} (You found it on level 7 of the Dungeon)
  5594 | D:7      | Found a staircase to the Ecumenical Temple.
  5604 | Temple   | Entered the Ecumenical Temple
  5638 | Temple   | Became a worshipper of Vehumet
  5741 | D:8      | Learned a level 2 spell: Repel Missiles
  5744 | D:8      | Learned a level 2 spell: Stoneskin
  5846 | D:8      | Learned a level 2 spell: Blink
  5937 | D:8      | Reached skill level 7 in Spellcasting
  5964 | D:8      | Reached XP level 10. HP: 30/50 MP: 22/22
  6058 | D:8      | Noticed Maurice
  6067 | D:8      | Found Sikifo's Book Emporium.
  6250 | D:8      | HP: 1/51 [orc warrior/mace (12)]
  6254 | D:8      | Killed from afar by an orc priest

Action                   |  1- 3 |  4- 6 |  7- 9 | 10-12 || total
-------------------------+-------+-------+-------+-------++-------
Melee: Unarmed           |    28 |       |       |       ||    28
       Whip              |    51 |   198 |   240 |       ||   489
       Hand axe          |       |       |    75 |    19 ||    94
 Cast: Freeze            |    20 |    48 |    20 |       ||    88
       Ozocubu's Armour  |       |     2 |    10 |       ||    12
       Condensation Shie |       |       |     1 |     1 ||     2
       Stoneskin         |       |       |       |     1 ||     1
  Use: Scroll            |       |     9 |       |     3 ||    12
       Potion            |       |       |     3 |     1 ||     4
 Stab: Sleeping          |     9 |     4 |    15 |     3 ||    31
  Eat: Chunk             |     2 |     5 |    11 |     1 ||    19
       Pizza             |       |       |     1 |       ||     1
